TOP OF THE 1ST |
Portland Privateers batting - Pitching for Birmingham Barons : RHP Michael Young
|
Pitching: RHP Michael Young
|
|
Batting: SHB Cory Campbell
|
0-0: Foul Ball, location: 2F 0-1: Ground out 6-3 (Groundball, 6)
|
Batting: RHB Joe Bailey
|
0-0: Foul Ball, location: 2F 0-1: Ball 1-1: SINGLE (Line Drive, 89S)
|
Batting: LHB Carter Sweet
|
0-0: Called Strike 0-1: Ball 1-1: Swinging Strike 1-2: Strikes out swinging
|
Batting: SHB Eric Pimentel
|
0-0: Foul Ball, location: 2F 0-1: Called Strike 0-2: Ball 1-2: Foul Ball, location: 2F 1-2: Ball 2-2: 2-RUN HOME RUN (Flyball, 7D), Distance : 332 ft
|
Batting: RHB Edward Holloway
|
0-0: Ball 1-0: Ground out U3 (Groundball, 34S)
|
Top of the 1st over - 2 run(s), 2 hit(s), 0 error(s), 0 left on base; Portland 2 - Birmingham 0 |
BOTTOM OF THE 1ST |
Birmingham Barons batting - Pitching for Portland Privateers : LHP Pedro Santana
|
Pitching: LHP Pedro Santana
|
|
Batting: SHB Tony Echevarría
|
0-0: Ball 1-0: Called Strike 1-1: Ball 2-1: Swinging Strike 2-2: Foul Ball, location: 2F 2-2: Strikes out swinging
|
Batting: RHB Juan Jiménez
|
0-0: Called Strike 0-1: Ball 1-1: Foul Ball, location: 2F 1-2: Ground out 5-3 (Groundball, 56)
|
Batting: RHB Dave Dawson
|
0-0: Called Strike 0-1: Ground out 4-3 (Groundball, 4S)
|
Bottom of the 1st over - 0 run(s), 0 hit(s), 0 error(s), 0 left on base; Portland 2 - Birmingham 0 |
TOP OF THE 2ND |
Portland Privateers batting - Pitching for Birmingham Barons : RHP Michael Young
|
Batting: SHB Héctor Padilla
|
0-0: Ball 1-0: Called Strike 1-1: Ball 2-1: Ball 3-1: Base on Balls
|
Batting: LHB Dillon Beck
|
0-0: Called Strike 0-1: Ball Wild Pitch! Héctor Padilla to second 1-1: Ball Héctor Padilla is caught stealing 3rd base 2-1: Foul Ball, location: 2F 2-2: Foul Ball, location: 2F 2-2: Foul Ball, location: 2F 2-2: Foul Ball, location: 2F 2-2: SINGLE (Groundball, 25) (infield hit)
|
Batting: LHB Domingo Ledesma
|
0-0: Swinging Strike 0-1: Called Strike 0-2: Ball 1-2: Ball 2-2: Ball 3-2: Fly out, F8 (Line Drive, 78M)
|
Batting: RHB Dave Nelson
|
0-0: Called Strike 0-1: Ball 1-1: Foul Ball, location: 2F 1-2: Strikes out swinging
|
Top of the 2nd over - 0 run(s), 1 hit(s), 0 error(s), 1 left on base; Portland 2 - Birmingham 0 |
BOTTOM OF THE 2ND |
Birmingham Barons batting - Pitching for Portland Privateers : LHP Pedro Santana
|
Batting: SHB Theron Harper
|
0-0: Ball 1-0: Ball 2-0: Foul Ball, location: 2F 2-1: Swinging Strike 2-2: Fly out, F8 (Flyball, 8RM)
|
Batting: LHB Chris Miller
|
0-0: Called Strike 0-1: Foul Ball, location: 2F 0-2: Strikes out swinging
|
Batting: RHB Peyton Yardley
|
0-0: Called Strike 0-1: Ball 1-1: Foul Ball, location: 2F 1-2: Strikes out swinging
|
Bottom of the 2nd over - 0 run(s), 0 hit(s), 0 error(s), 0 left on base; Portland 2 - Birmingham 0 |
TOP OF THE 3RD |
Portland Privateers batting - Pitching for Birmingham Barons : RHP Michael Young
|
Batting: SHB Cory Campbell
|
0-0: Swinging Strike 0-1: Ground out 1-3 (Groundball, P)
|
Batting: RHB Joe Bailey
|
0-0: Called Strike 0-1: Ball 1-1: Called Strike 1-2: Strikes out swinging
|
Batting: LHB Carter Sweet
|
0-0: Ball 1-0: Ball 2-0: Ball 3-0: Base on Balls
|
Batting: SHB Eric Pimentel
|
0-0: Foul Ball, location: 2F 0-1: Swinging Strike 0-2: Ball 1-2: Strikes out swinging
|
Top of the 3rd over - 0 run(s), 0 hit(s), 0 error(s), 1 left on base; Portland 2 - Birmingham 0 |
BOTTOM OF THE 3RD |
Birmingham Barons batting - Pitching for Portland Privateers : LHP Pedro Santana
|
Batting: RHB Yujiro Kurihara
|
0-0: Ground out 4-3 (Groundball, 4M)
|
Batting: LHB John Haney
|
0-0: Ground out 6-3 (Groundball, 6)
|
Batting: RHB Vicente Elías
|
0-0: Foul Ball, location: 2F 0-1: Ball 1-1: Swinging Strike 1-2: Strikes out swinging
|
Bottom of the 3rd over - 0 run(s), 0 hit(s), 0 error(s), 0 left on base; Portland 2 - Birmingham 0 |
TOP OF THE 4TH |
Portland Privateers batting - Pitching for Birmingham Barons : RHP Michael Young
|
Batting: RHB Edward Holloway
|
0-0: Ball 1-0: Fly out, F9 (Flyball, 9)
|
Batting: SHB Héctor Padilla
|
0-0: Ball 1-0: Ball 2-0: Ball 3-0: Called Strike 3-1: Ground out 4-3 (Groundball, 34D)
|
Batting: LHB Dillon Beck
|
0-0: Foul Ball, location: 2F 0-1: Ball 1-1: Called Strike 1-2: Foul Ball, location: 2F 1-2: Ball 2-2: Ball 3-2: Foul Ball, location: 2F 3-2: Foul Ball, location: 2F 3-2: Foul Ball, location: 2F 3-2: Foul Ball, location: 2F 3-2: Strikes out swinging
|
Top of the 4th over - 0 run(s), 0 hit(s), 0 error(s), 0 left on base; Portland 2 - Birmingham 0 |
BOTTOM OF THE 4TH |
Birmingham Barons batting - Pitching for Portland Privateers : LHP Pedro Santana
|
Batting: SHB Tony Echevarría
|
0-0: Called Strike 0-1: Called Strike 0-2: Foul Ball, location: 2F 0-2: Foul Ball, location: 2F 0-2: Strikes out swinging
|
Batting: RHB Juan Jiménez
|
0-0: Ball 1-0: Swinging Strike 1-1: Ball 2-1: Ball 3-1: Foul Ball, location: 2F 3-2: Base on Balls
|
Batting: RHB Dave Dawson
|
0-0: Swinging Strike 0-1: Foul Ball, location: 2F 0-2: Strikes out looking
|
Batting: SHB Theron Harper
|
0-0: Ball 1-0: Foul Ball, location: 2F 1-1: Fielders Choice at 2nd, 6-4 (Groundball, 6)
|
Bottom of the 4th over - 0 run(s), 0 hit(s), 0 error(s), 0 left on base; Portland 2 - Birmingham 0 |
TOP OF THE 5TH |
Portland Privateers batting - Pitching for Birmingham Barons : RHP Michael Young
|
Pitching: RHP Rick Grant
|
|
Batting: LHB Domingo Ledesma
|
0-0: Called Strike 0-1: Ball 1-1: Ball 2-1: Swinging Strike 2-2: Strikes out swinging
|
Batting: RHB Dave Nelson
|
0-0: Ball 1-0: Fly out, F8 (Flyball, 8LS)
|
Batting: SHB Cory Campbell
|
0-0: Ball 1-0: Ball 2-0: Ball 3-0: Called Strike 3-1: Base on Balls
|
Batting: RHB Joe Bailey
|
0-0: Called Strike 0-1: Fielders Choice at 2nd, 6-4 (Groundball, 56)
|
Top of the 5th over - 0 run(s), 0 hit(s), 0 error(s), 0 left on base; Portland 2 - Birmingham 0 |
BOTTOM OF THE 5TH |
Birmingham Barons batting - Pitching for Portland Privateers : LHP Pedro Santana
|
Batting: LHB Chris Miller
|
0-0: Foul Ball, location: 2F 0-1: Foul Ball, location: 2F 0-2: Ball 1-2: Strikes out swinging
|
Batting: RHB Peyton Yardley
|
0-0: Foul Ball, location: 2F 0-1: Ball 1-1: SINGLE (Line Drive, 9LS)
|
Batting: RHB Yujiro Kurihara
|
0-0: Ball 1-0: Ball 2-0: Ball 3-0: Base on Balls Peyton Yardley to second
|
Batting: LHB John Haney
|
0-0: Ball 1-0: Called Strike 1-1: Called Strike 1-2: Fly out, F8 (Flyball, 78M)
|
Batting: RHB Vicente Elías
|
0-0: Ball 1-0: Fly out, F7 (Flyball, 7)
|
Bottom of the 5th over - 0 run(s), 1 hit(s), 0 error(s), 2 left on base; Portland 2 - Birmingham 0 |
TOP OF THE 6TH |
Portland Privateers batting - Pitching for Birmingham Barons : RHP Rick Grant
|
Batting: LHB Carter Sweet
|
0-0: Ball 1-0: Called Strike 1-1: Fly out, F8 (Flyball, 78M)
|
Batting: SHB Eric Pimentel
|
0-0: Ball 1-0: Ball 2-0: Ball 3-0: Base on Balls
|
Batting: RHB Edward Holloway
|
0-0: Swinging Strike 0-1: Foul Ball, location: 2F 0-2: Ball Eric Pimentel steals 2nd base 1-2: Strikes out swinging
|
Batting: SHB Héctor Padilla
|
0-0: Called Strike 0-1: Foul Ball, location: 2F 0-2: Foul Ball, location: 2F 0-2: Ball 1-2: SINGLE (Line Drive, 7S) Eric Pimentel to third Runner from 3rd tries for Home, SAFE, no throw
|
Batting: LHB Dillon Beck
|
0-0: Called Strike 0-1: Ball 1-1: Fielders Choice at 2nd, 4-6 (Groundball, 4)
|
Top of the 6th over - 1 run(s), 1 hit(s), 0 error(s), 0 left on base; Portland 3 - Birmingham 0 |
BOTTOM OF THE 6TH |
Birmingham Barons batting - Pitching for Portland Privateers : LHP Pedro Santana
|
Batting: SHB Tony Echevarría
|
0-0: SINGLE (Groundball, 6MD)
|
Batting: RHB Juan Jiménez
|
0-0: 2-RUN HOME RUN (Line Drive, 7D), Distance : 349 ft
|
Batting: RHB Dave Dawson
|
0-0: Foul Ball, location: 2F 0-1: Ball 1-1: Fly out, F9 (Flyball, 89S)
|
Batting: SHB Theron Harper
|
0-0: Ball 1-0: Fly out, F8 (Flyball, 89S)
|
Batting: LHB Chris Miller
|
0-0: Ball 1-0: Ball 2-0: Called Strike 2-1: Called Strike 2-2: Ball 3-2: Base on Balls
|
Batting: RHB Peyton Yardley
|
0-0: Fielders Choice at 2nd, 6-4 (Groundball, 6)
|
Bottom of the 6th over - 2 run(s), 2 hit(s), 0 error(s), 0 left on base; Portland 3 - Birmingham 2 |
TOP OF THE 7TH |
Portland Privateers batting - Pitching for Birmingham Barons : RHP Rick Grant
|
Batting: LHB Domingo Ledesma
|
0-0: Ball 1-0: Ground out 4-3 (Groundball, 4)
|
Batting: RHB Dave Nelson
|
0-0: Called Strike 0-1: Swinging Strike 0-2: Strikes out swinging
|
Batting: SHB Cory Campbell
|
0-0: Ball 1-0: Swinging Strike 1-1: Foul Ball, location: 2F 1-2: Ground out 6-3 (Groundball, 6)
|
Top of the 7th over - 0 run(s), 0 hit(s), 0 error(s), 0 left on base; Portland 3 - Birmingham 2 |
TOP OF THE 8TH |
Portland Privateers batting - Pitching for Birmingham Barons : RHP Rick Grant
|
Pitching: RHP Stanley Briggs
|
|
Now at 1B: Carlos García
|
|
Now at SS: Carlos Vásquez
|
|
Batting: RHB Joe Bailey
|
0-0: Ball 1-0: Swinging Strike 1-1: Swinging Strike 1-2: Ball 2-2: Strikes out swinging
|
Batting: LHB Carter Sweet
|
0-0: Called Strike 0-1: Swinging Strike 0-2: Foul Ball, location: 2F 0-2: Ball 1-2: Strikes out swinging
|
Batting: SHB Eric Pimentel
|
0-0: Ball 1-0: Foul Ball, location: 2F 1-1: Ball 2-1: SINGLE (Groundball, 56D)
|
Batting: RHB Edward Holloway
|
0-0: SINGLE (Line Drive, 9LS) Eric Pimentel to second Runner from 2nd tries for 3rd, SAFE, no throw
|
Batting: SHB Héctor Padilla
|
0-0: Called Strike 0-1: Ball 1-1: Called Strike 1-2: Strikes out swinging
|
Top of the 8th over - 0 run(s), 2 hit(s), 0 error(s), 2 left on base; Portland 3 - Birmingham 4 |
BOTTOM OF THE 8TH |
Birmingham Barons batting - Pitching for Portland Privateers : LHP Jaime Ayala
|
Batting: LHB Chris Miller
|
0-0: Ball 1-0: Called Strike 1-1: Ball 2-1: DOUBLE (Flyball, 7LM)
|
Pinch Hitting: RHB Todd Rogers
|
0-0: Ball 1-0: Ball 2-0: DOUBLE (Line Drive, 8RD) Chris Miller scores
|
Batting: RHB Yujiro Kurihara
|
0-0: Intentional Walk
|
Pitching: RHP Mario Ramos
|
|
Batting: LHB John Haney
|
0-0: Sac Bunt - play at first, batter OUT! 1-3 Todd Rogers to third Yujiro Kurihara to second
|
Pinch Hitting: LHB José Rivera
|
0-0: Intentional Walk
|
Batting: SHB Tony Echevarría
|
0-0: Fly out, F7 (Line Drive, 78M) Runner from 3rd tags up, SCORES, throw made
|
Batting: RHB Juan Jiménez
|
0-0: Ball 1-0: Swinging Strike 1-1: Ball 2-1: Ball 3-1: Fielders Choice at 2nd, 6-4 (Groundball, 6)
|
Bottom of the 8th over - 2 run(s), 2 hit(s), 0 error(s), 1 left on base; Portland 3 - Birmingham 6 |
TOP OF THE 9TH |
Portland Privateers batting - Pitching for Birmingham Barons : RHP Stanley Briggs
|
Pitching: RHP Pedro Valdés
|
|
Now at 1B: José Rivera
|
|
Now in RF: Warren Martin
|
|
Batting: LHB Dillon Beck
|
0-0: Ball 1-0: Ground out 4-3 (Groundball, 4)
|
Batting: LHB Domingo Ledesma
|
0-0: Ball 1-0: Called Strike 1-1: Swinging Strike 1-2: Fly out, F4 (Popup, 34)
|
Batting: RHB Dave Nelson
|
0-0: Fly out, F7 (Flyball, 7S)
|
Top of the 9th over - 0 run(s), 0 hit(s), 0 error(s), 0 left on base; Portland 3 - Birmingham 6 |
|